 Dungeon Crawl Stone Soup version 0.14.0-25-g43f8a4e (webtiles) character file.

38408 Heini the Severer (level 13, -3/123 HPs)
             Began as a Hill Orc Fighter on Apr 25, 2014.
             Was a High Priest of Okawaru.
             Shot with an arrow by a centaur warrior (7 damage)
             ... on Level 13 of the Dungeon.
             The game lasted 01:25:02 (19125 turns).

Heini the Severer (Hill Orc Fighter)               Turns: 19125, Time: 01:25:03

HP  -3/123       AC 24     Str 24      XL: 13   Next: 95%
MP  20/20        EV  7     Int  8      God: Okawaru [*****.]
Gold 1180        SH  0     Dex 15      Spells:  0 memorised, 12 levels left

rFire  . . .     SeeInvis .     a - +4,+0 executioner's axe (chop)
rCold  . . .     Clarity  .     p - +1 plate armour
rNeg   . . .     Conserve .     (no shield)
rPois  .         rCorr    .     t - +0 helmet
rElec  .         rRot     .     J - +0 cloak
SustAb + .       Spirit   .     O - +0 pair of gloves
rMut   .         Warding  .     y - +1 pair of boots {Stlth+}
Saprov + . .     Stasis   .     (no amulet)
MR     .....                    q - ring of sustain abilities
                                g - +3 ring of dexterity

@: drained, not resistant to hostile enchantments, extremely unstealthy
A: agile 1, saprovore 1
a: Heroism, Finesse, Renounce Religion


You were on level 13 of the Dungeon.
You worshipped Okawaru.
Okawaru was extremely pleased with you.
You were not hungry.

You visited 2 branches of the dungeon, and saw 16 of its levels.
You also visited: Sewer and Ossuary.

You collected 1180 gold pieces.

Inventory:

Hand weapons
 a - a +4,+0 executioner's axe of chopping (weapon)
 E - the +3,+11 Wrath of Trog {antimagic, *Rage}
   (Okawaru gifted it to you on level 13 of the Dungeon)

   It disrupts the flow of magical energy around spellcasters and certain
   magical creatures (including the wielder).
   It may make you go berserk in combat.
 P - a +4,+2 flail
Armour
 p - a +1 plate armour (worn)
 t - a +0 helmet (worn)
 y - a +1 pair of boots of stealth (worn)
 J - a +0 cloak (worn)
 O - a +0 pair of gloves (worn)
Magical devices
 c - a wand of polymorph (7)
 j - a wand of lightning (6)
 B - a wand of digging (14) {unknown}
 U - a wand of enslavement (11)
Comestibles
 d - 13 meat rations
 f - 6 bread rations
 l - 8 cheeses
 x - 2 chunks of hill giant flesh
 C - 19 grapes
 H - a slice of pizza
 X - 4 pears
Scrolls
 n - 5 scrolls of remove curse
 s - a scroll of fog
 w - a scroll of blinking
 A - 5 scrolls of identify
 L - a scroll of noise {unknown}
 M - 3 scrolls of fear
 R - a scroll of magic mapping
 S - 4 scrolls of teleportation {unknown}
Jewellery
 g - a +3 ring of dexterity (left hand)
 o - an uncursed amulet of the gourmand {unknown}
 q - a ring of sustain abilities (right hand)
 u - a +0,+5 ring of slaying
Potions
 b - a potion of mutation
 e - 3 potions of might
 h - a potion of agility
 k - 5 potions of curing
 m - 2 potions of magic
 r - a potion of haste
 v - a potion of cure mutation
 z - 4 potions of berserk rage
 D - 2 potions of resistance
 G - 2 potions of restore abilities
Miscellaneous
 i - a disc of storms


   Skills:
 * Level 13.9(13.3) Fighting
 * Level 18.9(18.2) Axes
 + Level 1.2(0.7) Maces & Flails
 + Level 2.8(2.3) Throwing
 * Level 13.2(12.6) Armour
   Level 3.3(2.8) Shields
 + Level 4.0(3.5) Invocations
 + Level 3.2(2.7) Evocations


You had 12 spell levels left.
You didn't know any spells.

Dungeon Overview and Level Annotations

Branches:
Dungeon (13/15)            Temple (0/1) D:7             Orc (0/4) D:12
   Lair (3/8) D:9
  Swamp: Lair:3-6    Shoals: Lair:3-6     Snake: Lair:3-6    Spider: Lair:3-6
 Vaults: D:13-14

Altars:
Elyvilon
Fedhas
Okawaru
Sif Muna
Trog
Vehumet
Yredelemnul
Zin

Shops:
D:5 *(   D:9 %   D:10 (   D:11 ?


Innate Abilities, Weirdness & Mutations

You can tolerate rotten meat.
You are agile. (Dex +2)


Message History

Things that are here:
a runed dagger; a robe The centaur warrior shouts!
Something hits you but does no damage.
The centaur warrior wields a longbow.
The centaur warrior shoots an arrow.
The arrow hits you!
You see here an arrow.
Something hits you but does no damage.
The centaur warrior shoots an arrow.
The arrow hits you!
Things that are here:
an arrow; a runed dagger; a robe The centaur warrior shoots an arrow.
The arrow hits you! Something hits you but does no damage.
The centaur warrior shoots an arrow.
The arrow hits you!
* * * LOW HITPOINT WARNING * * *
You see here an arrow.
Something hits you but does no damage.
The centaur warrior shoots an arrow.
The arrow hits you!
* * * LOW HITPOINT WARNING * * *
The centaur warrior shoots an arrow.
The arrow hits you!
You die...

###### ####
##.....####..######
#.........#.....#.##
.(..................#####
........(...............##
.........(.......#.......#
..#......(.#....#......##
#.............##).#.##
#.........@.c..#......##
#...#####....#.###......#
#..? #....#.###.....## .
#..###..#.....## #..#
#.......## #.(#
##%.##...#.#
#..###...###.....
#..##.....##....#
#.................


You could see a centaur warrior.

Vanquished Creatures
  Harold (D:13)
  A hydra (Lair:3)
  Erica (Lair:3)
  4 centaur warriors (D:13)
  Nergalle (D:13)
  3 hill giants
  Pikel (D:4)
  Joseph (D:7)
  An elephant (D:9)
  5 spiny frogs
  An item mimic (D:12)
  A gargoyle (D:12)
  Grinder (D:5)
  A fire drake (Lair:3)
  A troll (D:12)
  A hydra zombie (D:13)
  A komodo dragon (Lair:2)
  Prince Ribbit (Lair:3)
  A two-headed ogre (D:6)
  3 wraiths
  A shadow (D:11)
  3 deep elf magi
  A trapdoor spider (D:11)
  A basilisk (Lair:2)
  16 ugly things
  33 yaks
  A shark (D:13)
  An elephant slug (D:9)
  4 hippogriffs
  4 wyverns
  A hill giant skeleton (D:11)
  2 hungry ghosts
  Edmund (D:7)
  A necrophage (D:11)
  5 water moccasins
  2 porcupines (Lair:2)
  A mottled dragon (D:12)
  5 sky beasts
  7 orc warriors
  3 black bears
  4 phantoms
  An ice beast (D:9)
  25 centaurs
  5 ogres
  Sigmund (D:3)
  Duvessa (D:7)
  4 crocodiles
  8 big kobolds
  4 giant slugs
  10 giant frogs
  A gnoll sergeant (D:6)
  A cyclops skeleton (D:11)
  5 scorpions
  2 eyes of draining
  An electric eel (D:13)
  5 killer bees (D:13)
  A yak skeleton (D:10)
  8 wights
  5 crimson imps
  2 goliath beetles
  Dowan (D:7)
  A quasit (D:11)
  3 jellies
  6 hounds
  An elf zombie (D:13)
  5 orc priests
  5 orc wizards
  A big fish (D:7)
  4 iguanas
  4 spectral orcs (D:13)
  9 worker ants
  A basilisk skeleton (D:11)
  2 giant frog skeletons
  2 black bear skeletons
  12 sheep
  5 big kobold zombies (Ossuary)
  2 ogre skeletons
  A mottled dragon skeleton (D:12)
  2 hound skeletons
  A hound zombie (D:6)
  Terence (D:2)
  A mummy (Ossuary)
  10 gnolls
  8 green rats (Lair:2)
  4 shadow imps
  A worker ant zombie (D:10)
  2 worm zombies (D:6)
  19 adders
  7 giant mites
  4 worms
  An adder skeleton (D:8)
  An adder zombie (D:3)
  3 giant eyeballs
  2 oozes
  24 orcs
  4 spectral bats (Ossuary)
  24 bats
  2 bat simulacra (Ossuary)
  A bat zombie (D:6)
  7 gnoll zombies (Ossuary)
  16 goblins
  17 hobgoblins
  3 jackals (D:9)
  35 kobolds
  9 quokkas
  A ball python (D:2)
  4 giant cockroaches
  2 giant geckos
  5 giant newts
  A giant spore (D:11)
  7 goblin simulacra (Ossuary)
  2 goblin skeletons
  5 goblin zombies
  A hobgoblin skeleton (D:3)
  10 hobgoblin zombies
  3 kobold simulacra (Ossuary)
  2 kobold skeletons
  A kobold zombie (Ossuary)
  4 orc skeletons
  6 orc zombies
  A quokka skeleton (D:3)
  18 rats
  3 rat simulacra (Ossuary)
  A rat skeleton (D:4)
  3 spectral goblins (Ossuary)
  4 spectral kobolds (Ossuary)
  2 spectral rats (Ossuary)
  3 ballistomycetes (D:11)
  3 fungi
  4 plants
588 creatures vanquished.

Vanquished Creatures (others)
  Natasha (D:3)
  Ijyb (D:4)
  A worm (D:4)
  2 goblins (D:4)
  A quokka (D:4)
  2 bats (D:4)
  A kobold skeleton (D:4)
  A fungus (Lair:3)
10 creatures vanquished.

Grand Total: 598 creatures vanquished

Notes
Turn   | Place    | Note
--------------------------------------------------------------
     0 | D:1      | Heini, the Hill Orc Fighter, began the quest for the Orb.
     0 | D:1      | Reached XP level 1. HP: 19/19 MP: 1/1
   140 | D:1      | Reached XP level 2. HP: 27/27 MP: 2/2
   751 | D:2      | Noticed Terence
   773 | D:2      | Reached skill level 4 in Fighting
   773 | D:2      | Reached XP level 3. HP: 33/33 MP: 3/3
   883 | D:2      | Found an iron altar of Okawaru.
   889 | D:2      | Became a worshipper of Warmaster Okawaru
  1123 | D:2      | Killed Terence
  1123 | D:2      | Reached XP level 4. HP: 26/40 MP: 4/4
  2026 | D:2      | Reached XP level 5. HP: 37/47 MP: 5/5
  2226 | D:3      | Noticed Natasha
  2252 | D:3      | Noticed Sigmund
  2259 | D:3      | Killed Natasha
  2577 | D:4      | Noticed a slave
  2578 | D:4      | Noticed Pikel
  2578 | D:4      | Noticed a slave
  2578 | D:4      | Noticed a slave
  2579 | D:4      | Noticed a slave
  2618 | D:4      | Killed Pikel
  2618 | D:4      | Acquired Okawaru's first power
  2618 | D:4      | Reached skill level 5 in Fighting
  2618 | D:4      | Reached skill level 6 in Axes
  2618 | D:4      | Reached XP level 6. HP: 21/56 MP: 6/6
  2618 | D:4      | Reached XP level 7. HP: 22/61 MP: 7/7
  2757 | D:4      | Reached skill level 7 in Axes
  2853 | D:4      | Killed Ijyb
  3134 | D:4      | Noticed an ogre
  3157 | D:4      | Killed an ogre
  3697 | D:5      | Entered Level 5 of the Dungeon
  3761 | D:5      | Found a glowing drain.
  3767 | D:5      | Reached XP level 8. HP: 63/70 MP: 8/8
  3789 | Sewer    | Entered a sewer
  3828 | Sewer    | Reached skill level 8 in Axes
  4181 | D:5      | Found Skoxe's Antique Weapon Boutique.
  4184 | D:5      | Found Nobiceel's General Store.
  4346 | D:5      | Reached skill level 9 in Axes
  4370 | D:5      | Noticed Grinder
  4382 | D:5      | Paralysed by Grinder for 3 turns
  4399 | D:5      | Paralysed by Grinder for 2 turns
  4406 | D:5      | Killed Grinder
  4406 | D:5      | Reached XP level 9. HP: 47/79 MP: 6/9
  4795 | D:4      | Reached skill level 10 in Axes
  4915 | D:3      | Killed Sigmund
  5544 | D:6      | Found a sand-covered staircase.
  5557 | Ossuary  | Entered an ossuary
  5954 | D:6      | Paralysed by a giant eyeball for 3 turns
  6123 | D:6      | Reached skill level 11 in Axes
  6180 | D:6      | Found a bloodstained altar of Trog.
  6229 | D:6      | Found a radiant altar of Vehumet.
  6310 | D:6      | Paralysed by a giant eyeball for 3 turns
  6320 | D:6      | Paralysed by a giant eyeball for 4 turns
  6327 | D:6      | Paralysed by a giant eyeball for 4 turns
  6741 | D:6      | Found a glowing silver altar of Zin.
  6741 | D:6      | Found a blossoming altar of Fedhas.
  6829 | D:6      | Gained mutation: You are agile. (Dex +2) [potion of beneficial mutation]
  6945 | D:7      | Noticed Dowan
  6954 | D:7      | Noticed Duvessa
  6956 | D:7      | Killed Dowan
  6973 | D:7      | Killed Duvessa
  6973 | D:7      | Reached skill level 12 in Axes
  6986 | D:7      | Got an ancient scale mail
  7004 | D:7      | Identified the +2 scale mail of the Thistle {Str+4} (You found it on level 7 of the Dungeon)
  7049 | D:7      | Noticed Edmund
  7057 | D:7      | Killed Edmund
  7057 | D:7      | Reached XP level 10. HP: 84/90 MP: 10/10
  7275 | D:7      | Found a staircase to the Ecumenical Temple.
  7289 | D:7      | Noticed Joseph
  7312 | D:7      | Killed Joseph
  7506 | D:7      | Acquired Okawaru's second power
  7854 | D:8      | Reached skill level 13 in Axes
  8591 | D:9      | Reached skill level 10 in Fighting
  8670 | D:9      | Reached skill level 14 in Axes
  8670 | D:9      | Reached skill level 10 in Armour
  8670 | D:9      | Reached XP level 11. HP: 98/102 MP: 11/18
  8835 | D:9      | Found Cairphidi's Food Boutique.
  8953 | D:9      | Found a deep blue altar of Sif Muna.
  9201 | D:9      | Reached skill level 15 in Axes
  9206 | D:9      | Found a staircase to the Lair.
  9209 | D:9      | Noticed an elephant
  9217 | D:9      | Killed an elephant
  9863 | D:10     | Entered Level 10 of the Dungeon
  9863 | D:10     | Found Yxzi's Weapon Boutique.
  9880 | D:10     | Found a basalt altar of Yredelemnul.
  9893 | D:10     | Noticed a hill giant
  9902 | D:10     | Killed a hill giant
  9902 | D:10     | Reached XP level 12. HP: 70/110 MP: 18/18
 10527 | D:10     | Received a gift from Okawaru
 10551 | D:10     | Reached skill level 16 in Axes
 11784 | D:11     | Found Sikad's Magic Scroll Shop.
 11854 | D:11     | Received a gift from Okawaru
 11871 | D:11     | Got an ichor-stained buckler {god gift}
 12226 | D:12     | Reached skill level 17 in Axes
 12303 | D:12     | Noticed a three-headed hydra
 12800 | D:10     | HP: 5/113 [nine-headed hydra (11)]
 12877 | Lair:1   | Entered Level 1 of the Lair of Beasts
 13178 | Lair:1   | Identified the -6 buckler "Thafoig" {Dex+1 Int+4} (Okawaru gifted it to you on level 11 of the Dungeon)
 13906 | Lair:2   | Reached XP level 13. HP: 65/119 MP: 20/20
 14545 | Lair:2   | Found a white marble altar of Elyvilon.
 14903 | Lair:3   | Noticed Erica
 14926 | Lair:3   | Killed Erica
 15370 | Lair:3   | HP: 4/122 [six-headed hydra (5)]
 15392 | Lair:3   | HP: 1/122 [six-headed hydra (7)]
 16059 | Lair:3   | Reached skill level 18 in Axes
 16195 | Lair:3   | Noticed Prince Ribbit
 16213 | Lair:3   | Killed Prince Ribbit
 16972 | D:11     | Reached skill level 1 in Maces & Flails
 17887 | D:12     | Found a staircase to the Orcish Mines.
 18518 | D:13     | Noticed Harold
 18538 | D:13     | Killed Harold
 18538 | D:13     | Received a gift from Okawaru
 19097 | D:13     | Noticed Nergalle
 19113 | D:13     | Killed Nergalle
 19124 | D:13     | HP: 3/123 [centaur warrior/arrow (13)]
 19125 | D:13     | Shot with an arrow by a centaur warrior

Action                   |  1- 3 |  4- 6 |  7- 9 | 10-12 | 13-15 || total
-------------------------+-------+-------+-------+-------+-------++-------
Melee: War axe           |    83 |   196 |   589 |   112 |       ||   980
       Battleaxe         |       |       |       |   281 |       ||   281
       Executioner's axe |       |       |       |   211 |   338 ||   549
       Flail             |       |       |       |     2 |    31 ||    33
Invok: Heroism           |       |       |     1 |       |     5 ||     6
Evoke: Wand              |       |       |       |    11 |     2 ||    13
  Use: Potion            |       |     1 |     1 |     4 |     2 ||     8
       Scroll            |       |       |    15 |    17 |     3 ||    35
